Map: World of Sleepers LE

Players

Orocou - Winner!

  • Race: Protoss Protoss
  • Spawn Location: 7:00

A.I. 1 (Elite)

  • Race: Terran Terran
  • Spawn Location: 1:00

VOD

Have the link to the VOD?

Description

Win with Colossus just in time

Time

  • Played on: Dec. 27, 2019, 8:46 p.m.
  • Length: 13:17
Show
View Real Time Build Order
Export as new Build Order

Orocou Protoss - Winner!

Build Orders: 1 Gate Expand 

Get SALT Encoding   

  12  0:01  Probe  
  13  0:13  Probe  
  14  0:20  Pylon  
  14  0:25  Probe  
  15  0:38  Probe  
  15  0:42  Gateway  
  16  0:50  Probe  
  17  1:14  Nexus  
  17  1:32  Cybernetics Core  
  17  1:46  Assimilator, Probe  
  18  1:50  Assimilator  
  18  1:57  Gateway  
  18  2:00  Zealot  
  20  2:05  Gateway  
  20  2:14  Probe  
  21  2:26  Probe  
  22  2:36  Warp Gate (Chrono Boost)  
  22  2:40  Zealot  
  24  2:45  Zealot  
  24  2:49  Sentry  
  26  2:51  Assimilator  
  26  2:53  Assimilator  
  28  3:10  Adept  
  30  3:12  Sentry  
  30  3:14  Probe  
  30  3:16  Probe  
  34  3:25  Adept  
  36  3:34  Pylon  
  36  3:37  Probe x2  
  36  3:40  Pylon  
  38  3:52  Probe  
  39  4:02  Pylon  
  39  4:06  Twilight Council  
  39  4:10  Forge  
  39  4:12  Probe (Chrono Boost)  
  39  4:16  Probe (Chrono Boost)  
  41  4:23  Probe (Chrono Boost)  
  42  4:28  Probe (Chrono Boost)  
  42  4:29  Probe (Chrono Boost)  
  44  4:32  Zealot x2  
  48  4:39  Probe  
  48  4:40  Probe  
  48  4:44  Charge (Chrono Boost)  
  50  4:48  Adept  
  50  4:51  Probe  
  50  4:52  Probe  
  54  4:58  Robotics Facility  
  54  5:04  Protoss Shields Level 1 (Chrono Boost)  
  54  5:20  Probe  
  56  5:21  Probe  
  56  5:29  Stalker x3  
  62  6:10  Pylon  
  62  6:13  Pylon  
  62  6:14  Photon Cannon  
  62  6:18  Immortal  
  62  6:19  Resonating Glaives (Chrono Boost)  
  62  6:20  Pylon  
  66  6:47  Adept x3  
  72  6:57  Observer  
  73  7:04  Gateway  
  73  7:05  Gateway  
  73  7:07  Gateway  
  73  7:21  Immortal  
  77  7:24  Robotics Bay  
  77  7:25  Zealot x3  
  77  7:28  Probe x2  
  85  7:51  Protoss Ground Weapons Level 1 (Chrono Boost)  
  85  7:56  Blink (Chrono Boost)  
  85  7:59  Pylon  
  85  8:01  Pylon  
  85  8:05  Pylon  
  85  8:08  Pylon  
  85  8:14  Pylon  
  85  8:25  Adept  
  85  8:26  Adept x5  
  97  8:34  Extended Thermal Lance (Chrono Boost)  
  97  8:36  Colossus (Chrono Boost)  
  103  8:51  Adept x2  
  103  8:52  Adept x4  
  115  9:15  Zealot x4  
  115  9:16  Zealot  
  121  9:40  Pylon  
  121  9:42  Colossus (Chrono Boost), Pylon  
  97  10:26  Warp Prism (Chrono Boost)  
  95  10:52  Pylon  
Show
View Real Time Build Order
Export as new Build Order

A.I. 1 (Elite) Terran 

Build Orders:  

Get SALT Encoding   

  12  0:00  SCV  
  13  0:13  SCV  
  14  0:18  Supply Depot  
  14  0:25  SCV  
  15  0:40  SCV  
  15  0:42  Barracks  
  16  0:52  SCV  
  17  1:04  SCV  
  18  1:16  SCV, Supply Depot  
  19  1:21  Refinery  
  19  1:28  Marine, SCV  
  21  1:41  SCV  
  21  1:46  Marine  
  23  1:51  Barracks  
  23  1:53  SCV  
  24  1:55  Refinery  
  24  2:04  Marine, Supply Depot  
  24  2:05  SCV  
  26  2:17  SCV  
  26  2:22  Marine  
  28  2:26  Factory  
  28  2:29  SCV  
  29  2:38  Marine  
  29  2:39  Marine  
  29  2:41  SCV  
  32  2:53  SCV  
  32  2:56  Marine  
  32  2:57  Marine  
  35  3:06  SCV  
  36  3:13  Marine  
  36  3:15  Marine  
  36  3:18  SCV  
  36  3:19  Supply Depot  
  39  3:25  Factory Tech Lab  
  39  3:36  Starport  
  39  3:41  Marine, SCV  
  41  3:42  Marine  
  42  3:53  SCV  
  43  3:58  Marine  
  44  4:05  SCV  
  44  4:09  Barracks  
  45  4:17  SCV  
  45  4:19  Supply Depot  
  46  4:27  Starport Tech Lab  
  46  4:29  SCV  
  47  4:41  Marine x2, Siege Tank, SCV  
  47  4:44  Supply Depot  
  53  4:53  SCV  
  54  5:06  Barracks Tech Lab, SCV  
  55  5:08  Supply Depot  
  55  5:09  Engineering Bay  
  55  5:15  Command Center  
  55  5:18  SCV  
  56  5:24  Stimpack  
  56  5:25  Marauder  
  58  5:35  Terran Infantry Weapons Level 1  
  58  5:40  Engineering Bay  
  58  5:41  Barracks Tech Lab  
  58  5:44  Barracks Reactor  
  58  5:46  Marauder  
  58  5:49  Medivac  
  62  5:55  Supply Depot  
  62  5:58  Combat Shield  
  62  5:59  Marauder  
  64  6:05  Terran Infantry Armor Level 1  
  64  6:07  Marauder  
  66  6:20  Marauder, Medivac  
  70  6:27  SCV  
  70  6:29  Marauder, Supply Depot  
  70  6:30  SCV  
  74  6:39  SCV  
  75  6:42  Marauder, SCV  
  78  6:50  Marauder  
  78  6:52  SCV  
  81  6:54  SCV  
  82  7:01  Marine  
  82  7:03  Concussive Shells, Marauder  
  82  7:04  SCV, Missile Turret  
  82  7:07  Orbital Command  
  86  7:11  Marauder, Missile Turret  
  88  7:25  Marauder  
  88  7:28  Command Center  
  90  7:33  Marauder  
  90  7:36  Supply Depot  
  92  7:43  Barracks  
  92  7:44  Medivac  
  92  7:50  Marine  
  95  7:52  Marine  
  95  7:54  Marine  
  95  7:56  Marine  
  98  8:02  Supply Depot  
  98  8:08  Marine  
  98  8:11  Armory  
  99  8:14  Marine, Medivac  
  99  8:16  Marine  
  99  8:17  Marine  
  104  8:29  Supply Depot  
  104  8:34  Refinery  
  104  8:37  Refinery  
  104  8:41  Orbital Command, SCV x2  
  105  8:44  Viking  
  108  8:53  SCV  
  109  8:55  SCV  
  109  8:57  Terran Infantry Weapons Level 2  
  109  9:00  Missile Turret  
  109  9:02  Missile Turret  
  110  9:05  SCV  
  110  9:07  SCV  
  110  9:09  SCV  
  113  9:14  Viking  
  115  9:17  SCV  
  115  9:19  SCV  
  115  9:21  SCV  
  118  9:29  SCV  
  118  9:30  Fusion Core  
  119  9:36  SCV  
  119  9:37  Supply Depot  
  119  9:38  SCV  
  121  9:41  SCV  
  121  9:44  Missile Turret  
  113  9:47  Marine, Marauder  
  113  9:48  Marine, SCV  
  113  9:49  Marine  
  113  9:50  Marine  
  113  9:52  SCV  
  96  9:54  SCV  
  83  10:00  SCV  
  83  10:05  Marine  
  83  10:06  Marine, SCV  
  84  10:07  Marine  
  84  10:08  Marine, Marauder  
  88  10:15  Viking  
  90  10:23  Marine  
  90  10:24  Marine  
  90  10:25  Marauder  
  90  10:26  Marine  
  87  10:29  Marauder  
  87  10:33  Refinery, SCV  
  87  10:34  SCV  
  85  10:40  Marine  
  85  10:42  Marine  
  84  10:43  Marine  
  84  10:45  SCV  
  84  10:46  SCV  
  84  10:47  Marauder  
  84  10:51  Marauder  
  60  11:01  Marine  
  60  11:03  Marine  
  51  11:08  Marauder  
  45  11:12  Marine  
  42  11:19  Marine  
  42  11:20  SCV  
  37  11:27  SCV  
  37  11:29  Marine  
  37  11:32  SCV  
  33  11:39  SCV  
  25  11:44  SCV  
  22  11:51  SCV  
  21  12:03  SCV  
  15  12:15  SCV  
  14  12:24  Barracks  
  14  12:39  SCV  
  14  12:42  Supply Depot  
  14  12:51  SCV  
  14  13:03  SCV  
Tags
 
Add a new tag
Caveats
  • Supply blocks, unpowered buildings, or Contaminate may cause inaccurate times.
  • Supply counts are checked every 10 seconds.